Match 40316688
Unlisted

Match 40316688
End
Construct Infanterie Kompanie
Grenadier Squad
Grenadier Squad
MG 42 Machine Gun Team
MG 42 Machine Gun Team
Construct Luftwaffe Kompanie
Medical Station
Support Elements
Jäger Squad
Jäger Squad
Selects Breakthrough Battlegroup
Selects Assault Grenadiers
Selects Smoke Bombing Run
Smoke Bombing Run
Marder III M Tank Destroyer
Smoke Bombing Run
Marder III M Tank Destroyer
Construct Panzergrenadier Kompanie
Nebelwerfer 42 Rocket Launcher Team
Nebelwerfer 42 Rocket Launcher Team
Selects Incendiary Bombing Run
Incendiary Bombing Run
Jäger Squad
Panzergrenadier Officer Quarters
Nebelwerfer 42 Rocket Launcher Team
StuG III G Assault Gun
Incendiary Bombing Run
Pioneer Squad
Pioneer Squad
Nebelwerfer 42 Rocket Launcher Team
251 Medium Carrier
Incendiary Bombing Run
airshark
Duke_William
RadarContact
8973iefhbw
=DH= SonGoQ
=DH= BURUNDI
TidaL
Hawkkinson
0
0

Comments sign in to comment!

No comments posted yet!